 Dungeon Crawl Stone Soup version 0.30.0 (webtiles) character file.

Game seed: 11416946816819934051

19698 sffallen the Destroyer (level 12, -5/101 HPs)
             Began as a Grey Draconian Conjurer on Dec 2, 2023.
             Was a High Priest of Sif Muna.
             Slain by an eight-headed hydra (12 damage)
             ... on level 2 of the Lair of Beasts on Dec 4, 2023.
             The game lasted 03:46:46 (15578 turns).

sffallen the Destroyer (Grey Draconian Conjurer)   Turns: 15578, Time: 03:46:47

Health: -5/101     AC: 19    Str: 11    XL:     12   Next: 38%
Magic:  7/32       EV: 13    Int: 28    God:    Sif Muna [*****.]
Gold:   1571       SH:  0    Dex: 14    Spells: 5/31 levels left

rFire   + . .        l - +6 Majin-Bo {spellvamp, MP+6 Int+6}
rCold   . . .        (no shield)
rNeg    . . .        (body armour unavailable)
rPois   .            (helmet restricted)
rElec   .            (no cloak)
rCorr   .            (no gloves)
SInv    .            k - +1 pair of boots {Stlth+}
Will    .....        (no amulet)
Stlth   +++          e - +4 ring of protection
HPRegen 0.36/turn    m - ring "Illydit" {rF+ Dex+4}
MPRegen 0.23/turn

%: no passive effects
@: about to teleport, slowed, very slow
A: AC +13, amphibious, unfitting armour, cold-blooded
a: Renounce Religion, Channel Magic, Forget Spell, Divine Exegesis


You were on level 2 of the Lair of Beasts.
You worshipped Sif Muna.
Sif Muna was extremely pleased with you.
You visited 2 branches of the dungeon, and saw 14 of its levels.

You collected 1593 gold pieces.
You spent 22 gold pieces at shops.

Inventory:

Hand Weapons
 j - a +0 dagger of venom
 l - the +6 Majin-Bo (weapon) {spellvamp, MP+6 Int+6}
   (You acquired it on level 2 of the Dungeon)

   Int:       It affects your intelligence (+6).
   MP:        It affects your magic capacity (+6).
 B - a +2 dagger of speed
 C - a +1 flail of draining
 J - a +0 antimagic dagger
Missiles
 y - 3 throwing nets
 H - 6 silver boomerangs
Armour
 k - a +1 pair of boots of stealth (worn)
Jewellery
 e - a +4 ring of protection (left hand)
 m - the ring "Illydit" (right hand) {rF+ Dex+4}
   (You acquired it on level 2 of the Dungeon)

   [ring of protection from fire]

   Dex:       It affects your dexterity (+4).
   rF:        It protects you from fire.
 q - a ring of resist corrosion
Wands
 D - a wand of polymorph (10)
 F - a wand of quicksilver (11)
 L - a wand of paralysis (7)
Scrolls
 a - a scroll of summoning {unknown}
 b - 3 scrolls of poison {unknown}
 g - 3 scrolls of blinking {unknown}
 h - 2 scrolls of amnesia {unknown}
 i - a scroll of torment {unknown}
 p - 2 scrolls of teleportation
 t - 5 scrolls of enchant weapon
 u - 4 scrolls of enchant armour {unknown}
 v - a scroll of silence {unknown}
 w - a scroll of brand weapon {unknown}
 x - a scroll of fog {unknown}
 A - 2 scrolls of vulnerability {unknown}
 E - 2 scrolls of immolation {unknown}
 G - a scroll of magic mapping {unknown}
 I - 2 scrolls of identify
Potions
 c - 3 potions of might
 d - 2 potions of mutation
 f - 11 potions of curing
 n - a potion of brilliance {unknown}
 o - 2 potions of lignification
 r - 2 potions of attraction {unknown}
 s - 3 potions of heal wounds
 z - 2 potions of berserk rage {unknown}
 K - a potion of flight {unknown}
 M - 2 potions of haste


   Skills:
 - Level 8.0 Fighting
 + Level 5.0 Staves
 * Level 4.2 Dodging
 - Level 2.0 Stealth
 - Level 10.0 Spellcasting
 * Level 11.3 Conjurations
 - Level 2.0 Hexes
 - Level 9.0 Translocations
 * Level 4.6 Evocations


You had 5 spell levels left.
You knew the following spells:

 Your Spells              Type           Power      Damage    Failure   Level
a - Magic Dart            Conj           100%       1d8       1%          1
b - Searing Ray           Conj           100%       2d8       1%          2
c - Gell's Gravitas       Tloc           59%        N/A       1%          3
d - Teleport Other        Tloc           59%        N/A       1%          3
e - Iskenderun's Mystic   Conj/Tloc      63%        2d13      1%          4
f - Dazzling Flash        Conj/Hex       100%       N/A       1%          3
g - Fulminant Prism       Conj/Hex       25%        3d14      2%          4
h - Iskenderun's Battles  Conj           67%        2d12      1%          5
i - Slow                  Hex            100%       N/A       1%          1

Your spell library contained the following spells:

 Spells                   Type           Power      Damage    Failure   Level
 Apportation              Tloc           100%       N/A       1%          1
 Ensorcelled Hibernation  Hex/Ice        38%        N/A       4%          2
 Confusing Touch          Hex            25%        N/A       5%          3
 Arcjolt                  Conj/Air       22%        1d32      11%         5
 Fireball                 Conj/Fire      22%        3d10      11%         5
 Spider Form              Tmut/Pois      14%        N/A       12%         3
 Anguish                  Hex/Necr       9%         N/A       26%         4
 Summon Mana Viper        Hex/Summ       19%        N/A       58%         5
 Yara's Violent Unravell  Hex/Tmut       9%         3d6       58%         5
 Alistair's Intoxication  Tmut/Pois      9%         N/A       73%         5
 Dispersal                Tloc           29%        N/A       16%         6
 Orb of Destruction       Conj           33%        9d10      32%         7
 Conjure Ball Lightning   Conj/Air       22%        3x3d6     52%         6
 Borgnjor's Revivificati  Necr           7%         N/A       100%        8
 Necromutation            Tmut/Necr      7%         N/A       100%        8
 Death's Door             Necr           7%         N/A       100%        9


Dungeon Overview and Level Annotations

Branches:
Dungeon (12/15)            Temple (0/1) D:4            Lair (2/5) D:9
  Snake (0/4) Lair:2          Orc (0/2) D:9
  Swamp: Lair:2-3    Shoals: Lair:2-3

Altars:
Dithmenos
Sif Muna

Shops:
D:3 (   D:6 **   D:9 !   D:10 *

Annotations:
D:8 3 runed translucent doors, Radamante's ghost, novice HOFi


Innate Abilities, Weirdness & Mutations

Your dull iron-grey scales are very hard. (AC +13)
You are amphibious.
You cannot fit into any form of body armour.
You are cold-blooded and may be slowed by cold attacks.


Message History

The seven-headed hydra bites you!
The seven-headed hydra bites you but does no damage.
The seven-headed hydra closely misses you.
The seven-headed hydra bites you but does no damage.
The seven-headed hydra bites you!
The seven-headed hydra closely misses you.
The seven-headed hydra attacks as you move away!
The seven-headed hydra bites you! The seven-headed hydra bites you.
The seven-headed hydra bites you! The seven-headed hydra misses you.
The seven-headed hydra bites you but does no damage.
The seven-headed hydra barely misses you.
The seven-headed hydra misses you.
A nearby fungus withers and dies. x2
As you read the scroll of teleportation, it crumbles to dust.
You feel strangely unstable. The seven-headed hydra bites you!
The seven-headed hydra closely misses you.
The seven-headed hydra bites you.
* * * LOW HITPOINT WARNING * * *
The seven-headed hydra bites you.
* * * LOW HITPOINT WARNING * * *
The seven-headed hydra bites you.
* * * LOW HITPOINT WARNING * * *
The seven-headed hydra bites you.
* * * LOW HITPOINT WARNING * * *
The seven-headed hydra bites you.
* * * LOW HITPOINT WARNING * * *
The eight-headed hydra bites you.
* * * LOW HITPOINT WARNING * * *
The eight-headed hydra completely misses you.
The eight-headed hydra bites you but does no damage. x2
The eight-headed hydra closely misses you.
The eight-headed hydra bites you but does no damage.
The eight-headed hydra barely misses you.
The eight-headed hydra bites you.
* * * LOW HITPOINT WARNING * * *
The eight-headed hydra barely misses you.
The eight-headed hydra bites you!
* * * LOW HITPOINT WARNING * * *
The eight-headed hydra closely misses you. x2
The eight-headed hydra bites you!
You die...

..........>.
#..........#
##..........#
.....#...#..###
##.......#..#.#
#......##....##
#........##.##
#.......D...#
#......@Dwh.###
#......####...#
#.###.....##
#...##
.........##
#...P#
.###.###†#
##..## # ##.##
##..### #...#
#....## #P.##
####..P# ##..#
#.###.###.##


You could see an eight-headed hydra, a seven-headed hydra, a torpor snail and a
wolf.

Vanquished Creatures
  A hydra (Lair:1)
  A two-headed ogre (D:10)
  3 skeletal warriors (D:12)
  Lodul (D:12)
  An ugly thing (D:11)
  A manticore (D:11)
  An elephant (D:9)
  A black mamba (Lair:2)
  5 komodo dragons
  3 cane toads
  A kobold demonologist (D:11)
  2 hornets
  2 trolls (D:10)
  2 wraiths
  4 wyverns
  Sigmund (D:4)
  A vampire (D:10)
  A basilisk (D:9)
  23 yaks
  7 vampire mosquitoes
  An acid dragon (D:12)
  Edmund (D:4)
  5 water moccasins
  2 black bears
  3 orc warriors
  3 ice beasts
  2 sky beasts (D:7)
  11 ogres
  4 centaurs
  5 wolves
  Blork the orc (D:4)
  4 kobold brigands
  6 bullfrogs
  4 scorpions
  5 wights (D:9)
  17 killer bees
  3 howler monkeys (D:11)
  A lava snake (D:8)
  2 hounds
  A jelly (D:7)
  A gnoll bouda (D:7)
  3 orc priests
  3 sleepcaps
  8 iguanas
  10 orc wizards
  4 gnolls (D:7)
  7 adders
  A shadow imp (D:5)
  2 ufetubi
  A worm (D:2)
  4 dart slugs
  31 orcs
  8 ball pythons
  6 endoplasms
  11 goblins
  5 hobgoblins
  6 jackals
  4 quokkas
  8 bats
  4 frilled lizards
  19 kobolds
  4 rats
  2 fulminant prisms
295 creatures vanquished.

Vanquished Creatures (others)
  23 fulminant prisms
  9 fungi
  8 plants
40 creatures vanquished.

Grand Total: 335 creatures vanquished

Notes
Turn   | Place    | Note
-------+----------+-------------------------------------------
     0 | D:1      | sffallen the Draconian Conjurer began the quest for the
                  | Orb.
     0 | D:1      | Reached XP level 1. HP: 14/14 MP: 3/3
   194 | D:1      | Reached XP level 2. HP: 20/20 MP: 3/5
   610 | D:1      | Found a faded altar of an unknown god.
   624 | D:1      | Prayed at the altar of an unknown god.
   624 | D:1      | Became a worshipper of Sif Muna the Loreminder
   624 | D:1      | Reached * piety under Sif Muna
   710 | D:1      | Learned a level 2 spell: Searing Ray
   789 | D:1      | Reached XP level 3. HP: 26/26 MP: 1/6
  1381 | D:2      | Identified 3 scrolls of acquirement
  1382 | D:2      | Acquired the ring "Illydit" {rF+ Dex+4}
  1385 | D:2      | Acquired 765 gold pieces
  1387 | D:2      | Acquired the +6 Majin-Bo {spellvamp, MP+6 Int+6}
  1387 | D:2      | Found the +6 Majin-Bo {spellvamp, MP+6 Int+6}
  1725 | D:2      | Learned a level 3 spell: Gell's Gravitas
  2331 | D:3      | Found Hitogg's Weapon Boutique.
  2455 | D:3      | Reached XP level 4. HP: 33/33 MP: 8/8
  2546 | D:3      | Reached skill level 5 in Conjurations
  2586 | D:3      | Reached ** piety under Sif Muna
  2798 | D:3      | Reached skill level 1 in Translocations
  2802 | D:3      | Learned a level 3 spell: Teleport Other
  2991 | D:4      | Noticed Sigmund
  3064 | D:4      | Noticed a scorpion
  3226 | D:4      | Killed a scorpion
  3227 | D:4      | Reached skill level 1 in Fighting
  3227 | D:4      | Reached XP level 5. HP: 40/40 MP: 0/9
  3550 | D:4      | Found a staircase to the Ecumenical Temple.
  3561 | D:4      | Noticed Edmund
  3606 | D:4      | HP: 2/40 [sleepcap (8)]
  3609 | D:4      | Reached XP level 6. HP: 3/48 MP: 3/11
  3982 | D:4      | Noticed Blork the orc
  3989 | D:4      | Killed Blork the orc
  4102 | D:4      | Learned a level 4 spell: Iskenderun's Mystic Blast
  4150 | D:4      | Found a shadowy altar of Dithmenos.
  4394 | D:4      | Killed Edmund
  4395 | D:4      | Your scales start taking on a dull iron-grey colour.
  4395 | D:4      | Reached XP level 7. HP: 55/57 MP: 9/13
  4446 | D:4      | Killed Sigmund
  4785 | D:5      | Entered Level 5 of the Dungeon
  4801 | D:5      | Reached skill level 5 in Spellcasting
  5188 | D:5      | Reached skill level 5 in Translocations
  5449 | D:5      | Reached XP level 8. HP: 66/66 MP: 8/16
  5762 | D:5      | Reached *** piety under Sif Muna
  6436 | D:6      | Found Cuhich's General Store.
  6445 | D:6      | Bought a scroll of identify for 22 gold pieces
  6590 | D:6      | Found Penakk's General Store.
  6802 | D:6      | Learned a level 3 spell: Dazzling Flash
  6849 | D:6      | Identified the +0 quarterstaff "Wochoang" {elec, *Slow
                  | rElec rN+}
  7085 | D:7      | Reached skill level 6 in Conjurations
  7085 | D:7      | Reached skill level 1 in Hexes
  7369 | D:7      | Reached XP level 9. HP: 57/71 MP: 10/19
  7417 | D:7      | Learned a level 4 spell: Fulminant Prism
  7755 | D:7      | Reached skill level 1 in Evocations
  8469 | D:7      | Reached skill level 5 in Fighting
  8675 | D:7      | Reached skill level 7 in Conjurations
  9415 | D:8      | Reached skill level 1 in Staves
  9539 | D:8      | Reached **** piety under Sif Muna
  9700 | D:8      | Found a runed translucent gate.
  9701 | D:8      | Found a runed translucent gate.
  9702 | D:8      | Found a runed translucent gate.
  9705 | D:8      | Noticed Radamante's ghost (novice HOFi)
  9874 | D:9      | Reached XP level 10. HP: 78/84 MP: 20/21
 10052 | D:9      | Noticed an elephant
 10078 | D:9      | Killed an elephant
 10268 | D:9      | Found a staircase to the Lair.
 10749 | D:9      | Found a staircase to the Orcish Mines.
 10865 | D:9      | Found Junok's Distillery.
 11285 | D:10     | Entered Level 10 of the Dungeon
 11520 | D:10     | Reached XP level 11. HP: 65/94 MP: 18/23
 11622 | D:10     | Reached ***** piety under Sif Muna
 11622 | D:10     | Received a gift from Sif Muna
 11632 | D:10     | Learned a level 5 spell: Iskenderun's Battlesphere
 12148 | D:10     | Found Qisobb's Overcharged Wands.
 12335 | D:10     | Noticed a two-headed ogre
 12347 | D:10     | Killed a two-headed ogre
 12573 | D:10     | You fall into a shaft and drop 2 floors!
 12674 | D:11     | Reached skill level 10 in Spellcasting
 12675 | D:11     | Noticed a green ugly thing
 12733 | D:11     | Killed a green ugly thing
 12734 | D:11     | Reached skill level 8 in Conjurations
 13196 | D:11     | Noticed a soul eater
 13751 | D:12     | Noticed a skeletal warrior
 13752 | D:12     | Noticed a skeletal warrior
 13761 | D:12     | Noticed a skeletal warrior
 13804 | D:12     | Killed a skeletal warrior
 13804 | D:12     | Killed a skeletal warrior
 13804 | D:12     | Noticed Lodul
 13805 | D:12     | Reached skill level 9 in Conjurations
 13814 | D:12     | HP: 3/141 [skeletal warrior/+0 glaive (15)]
 13816 | D:12     | Killed Lodul
 14085 | D:12     | Killed a skeletal warrior
 14086 | D:12     | Reached skill level 10 in Conjurations
 14086 | D:12     | Reached XP level 12. HP: 51/101 MP: 2/26
 14172 | Lair:1   | Entered Level 1 of the Lair of Beasts
 14966 | Lair:1   | Noticed a four-headed hydra
 14972 | Lair:1   | Killed a four-headed hydra
 14984 | Lair:1   | Reached skill level 11 in Conjurations
 15306 | Lair:2   | Received a gift from Sif Muna
 15338 | Lair:2   | Got Sif Muna's Commentary on the Charmed Storm {god gift}
 15344 | Lair:2   | Learned a level 1 spell: Slow
 15364 | Lair:2   | Found a staircase to the Snake Pit.
 15449 | Lair:2   | Reached skill level 5 in Staves
 15551 | Lair:2   | Noticed an eight-headed hydra
 15553 | Lair:2   | Noticed a seven-headed hydra
 15578 | Lair:2   | Slain by an eight-headed hydra

Illustrated notes

Levels and vault maps discovered:
D:1:      mrwooster_arrival_statue_3, layout_rooms,
          ebering_ecumenical_altar_abandoned, amcnicky_mini_corridor_feature,
          nicolae_titane
D:2:      minmay_wonky_spiral, layout_basic, serial_forest,
          infiniplex_forest_clump_double, infiniplex_forest_clump_small,
          infiniplex_forest_clump_cross, infiniplex_forest_clump_C,
          infiniplex_forest_straight_2, infiniplex_forest_corner_1,
          infiniplex_forest_straight_2, infiniplex_forest_lined_room_3,
          infiniplex_forest_clump_small, roderic_serpentine_path,
          nrook_mini_backslash, nicolae_figureground_sparkle
D:3:      layout_basic, serial_shops, shop, kennysheep_generic_room_2
D:4:      layout_cave_pods, nicolae_dithmenos_the_darkroom,
          minmay_temple_entry_crystal_x, st_stairs_11, uniq_blork_the_orc,
          uniq_edmund, uniq_sigmund
D:5:      layout_basic, hangedman_decor_points, kennysheep_pointless_box,
          minmay_quadrilaterals
D:6:      layout_loops_ring, serial_shops, nicolae_diamond_shop,
          nicolae_stop_n_shop_2
D:7:      layout_basic, minmay_increasing_density
D:8:      layout_basic, gammafunk_ghost_nasty_kobolds, nicolae_lava_and_water
D:9:      layout_roguey, david_lair_generic, orc_0_dummy, serial_shops,
          nicolae_shop_industrial_runoff, kennysheep_generic_room_3
D:10:     layout_basic, nicolae_shop_overcharged_wands
D:11:     layout_gridville
D:12:     layout_loops_ring, uniq_lodul, uniq_fannar
Lair:1:   layout_chaotic_city, nicolae_lair_lil_pond,
          infiniplex_staircase_pool_2
Lair:2:   layout_loops_ring, guppyfry_snake_entry_island, gammafunk_ghost_ooze,
          pdpol_lair_cavern_descent

Skill      XL: |  1  2  3  4  5  6  7  8  9 10 11 12 |
---------------+-------------------------------------+-----
Conjurations   | 5 6 7 10 11 | 11.3
Stealth        | 2 |  2.0
Spellcasting   | 3 4 5 6 7 8 10 | 10.0
Dodging        | 2 3 4 |  4.2
Translocations | 2 4 5 6 7 9 |  9.0
Fighting       | 1 2 3 4 6 7 8 |  8.0
Hexes          | 1 2 |  2.0
Evocations     | 2 3 4 |  4.6
Staves         | 1 4 5 |  5.0

Action                     |  1- 3 |  4- 6 |  7- 9 | 10-12 || total
---------------------------+-------+-------+-------+-------++-------
  Melee: Dagger            |     1 |       |       |       ||     1
         Bo                |       |     4 |    11 |    14 ||    29
         Tailslap          |       |       |     1 |     1 ||     2
         Punch             |       |       |       |     1 ||     1
   Cast: Magic Dart        |    96 |    70 |   141 |   133 ||   440
         Searing Ray       |     1 |    20 |    55 |    47 ||   123
         Teleport Other    |       |     3 |       |       ||     3
         Iskenderun's Myst |       |       |    16 |    36 ||    52
         Gell's Gravitas   |       |       |     3 |    33 ||    36
         Fulminant Prism   |       |       |     2 |    23 ||    25
         Iskenderun's Batt |       |       |       |    21 ||    21
         Slow              |       |       |       |     1 ||     1
  Evoke: Wand              |       |       |       |     1 ||     1
    Use: Scroll            |     6 |       |     2 |     4 ||    12
         Potion            |       |       |       |     5 ||     5
 Armour: Skin              |     4 |     9 |    40 |    83 ||   136
  Dodge: Dodged            |     6 |    18 |    39 |    88 ||   151
